 Dungeon Crawl Stone Soup version 0.27.1-33-g824d729ab1 (webtiles) character file.

Game seed: 17105037995544171003

85 styxcanada the Sneak (level 4, 0/21 (23) HPs)
             Began as a Spriggan Brigand on Dec 31, 2021.
             Slain by Crazy Yiuf (2 damage)
             ... on level 2 of the Dungeon on Jan 1, 2022.
             The game lasted 00:08:19 (2098 turns).

styxcanada the Sneak (Spriggan Brigand)             Turns: 2098, Time: 00:08:20

HP:   0/21 (23)     AC:  7    Str:  7    XL:     4   Next: 25%
MP:   5/5           EV: 17    Int: 12    God:
Gold: 6             SH:  0    Dex: 17    Spells: 2/3 levels left

rFire    . . .     SeeInvis +   a - +2 dagger
rCold    . . .     Faith    .   (shield restricted)
rNeg     . . .     Spirit   .   b - +0 robe
rPois    .         Reflect  .   (helmet restricted)
rElec    .         Harm     .   c - +0 cloak
rCorr    .         Rampage  .   (gloves unavailable)
Will     .....                  (boots unavailable)
Stlth    ++++......             (no amulet)
HPRegen  0.07/turn              h - +4 ring of protection
MPRegen  0.09/turn              l - ring of wizardry

@: drained, very quick
A: very small, no large weapons, unfitting armour, see invisible, speed 3
a: no special abilities


You were on level 2 of the Dungeon.
You visited 1 branch of the dungeon, and saw 2 of its levels.

You collected 6 gold pieces.

Inventory:

Hand Weapons
 a - a +2 dagger (weapon)
 k - a +2 hunting sling of freezing
Missiles
 d - 8 poisoned darts (quivered)
 e - a curare-tipped dart
 i - 82 stones
Armour
 b - a +0 robe (worn)
 c - a +0 cloak (worn)
Magical Staves
 j - a staff of poison
Jewellery
 h - a +4 ring of protection (left hand)
 l - a ring of wizardry (right hand)
Wands
 p - a wand of paralysis (13)
Scrolls
 g - 2 scrolls of teleportation {unknown}
 m - a scroll of vulnerability {unknown}
 n - 2 scrolls of identify {unknown}
Potions
 f - 3 potions of curing {unknown}
 o - a potion of heal wounds {unknown}


   Skills:
 * Level 2.0 Fighting
 + Level 2.9 Short Blades
 + Level 0.2(1.5) Slings
 + Level 2.0(2.1) Throwing
 * Level 2.1 Dodging
 * Level 7.5 Stealth
 * Level 0.1 Evocations


You had 2 spell levels left.
You knew the following spells:

 Your Spells              Type           Power      Damage    Failure   Level
a - Foxfire               Conj/Fire      0%         2x1d4     13%         1

Your spell library contained the following spells:

 Spells                   Type           Power      Damage    Failure   Level
 Pain                     Necr           0%         1d4       13%         1
 Conjure Flame            Conj/Fire      0%         6-21      36%         3
 Inner Flame              Hex/Fire       0%         N/A       36%         3


Dungeon Overview and Level Annotations

Branches:
Dungeon (2/15)

Altars:

Annotations:
D:2 Crazy Yiuf


Innate Abilities, Weirdness & Mutations

You are very small and have problems with some larger weapons.
You are too small for most types of armour.
You have supernaturally acute eyesight. (SInv)
You cover ground extremely quickly. (Speed+++)


Message History

The hobgoblin closely misses you.
You barely miss the hobgoblin.
The hobgoblin is moderately wounded.
The hobgoblin completely misses you.
You closely miss the hobgoblin.
The hobgoblin is moderately wounded.
The hobgoblin closely misses you.
You hit the hobgoblin but do no damage.
The hobgoblin is moderately wounded.
The hobgoblin completely misses you.
You barely miss the hobgoblin.
The hobgoblin is moderately wounded.
The hobgoblin barely misses you.
You hit the hobgoblin.
The hobgoblin is severely wounded.
You hit the hobgoblin.
You kill the hobgoblin!
g - 2 scrolls labelled OCO JELEIR (gained 1)
You start waiting.
Done waiting.
Okay, then.
Things that are here:
a +0 whip; a kobold corpse
Found a brass wand.
p - a wand of paralysis (13)
Found a mace.
Found two maces and a runed mace.
Found a runed translucent door.
You see here a +0 mace.
You see here a +0 mace.
You open the door.
There is an open translucent door here.
Crazy Yiuf shouts!
Crazy Yiuf hits you with a +2 quarterstaff of chaos!
You easily resist.
You hit Crazy Yiuf.
Crazy Yiuf is moderately wounded.
Crazy Yiuf hits you with a +2 quarterstaff of chaos!
* * * LOW HITPOINT WARNING * * *
You feel drained.
You die...

..# #.....##
#.#
#.###......##
#.#
#...........###
#.#
###...........#
#.#
###........####
#.#
.........†.#
#.#
#####......#
##### #.#
###.....# #.g)#
#.# #.......#
#.@.# #.#
#.#.###.# #..)#
#.# ####.#.#
#.# ##'## #.#
.....#.# #.#
♣♣.♣ ###
######.#####
♣)♣♣ ## ##...##
♣♣.♣
.###.....###
♣)♣♣
...........#
♣♣.♣♣
..##.....###
♣...♣♣


You could see Crazy Yiuf.

Vanquished Creatures
  3 gnolls (D:2)
  A worm (D:2)
  4 dart slugs (D:1)
  2 ball pythons (D:1)
  5 bats
  5 endoplasms
  2 goblins
  4 hobgoblins
  5 quokkas
  A frilled lizard (D:1)
  5 kobolds
  9 rats
46 creatures vanquished.

Vanquished Creatures (others)
  A fungus (D:1)
1 creature vanquished.

Grand Total: 47 creatures vanquished

Notes
Turn   | Place    | Note
-------+----------+-------------------------------------------
     0 | D:1      | styxcanada the Spriggan Brigand began the quest for the
                  | Orb.
     0 | D:1      | Reached XP level 1. HP: 10/10 MP: 2/2
   170 | D:1      | Found a faded altar of an unknown god.
   174 | D:1      | Reached skill level 6 in Stealth
   191 | D:1      | Reached XP level 2. HP: 12/15 MP: 3/3
   201 | D:1      | Got Plato's Reference Book on Sinister Magic
   656 | D:1      | Reached XP level 3. HP: 18/18 MP: 4/4
  1078 | D:2      | Reached skill level 7 in Stealth
  1525 | D:2      | Reached XP level 4. HP: 23/23 MP: 5/5
  1859 | D:2      | Learned a level 1 spell: Foxfire
  2090 | D:2      | Found a runed translucent door.
  2091 | D:2      | Noticed Crazy Yiuf
  2098 | D:2      | Slain by Crazy Yiuf

Illustrated notes

Levels and vault maps discovered:
D:1:      scummos_arrival_gate, layout_loops_ring,
          shapermc_ecumenical_altar_rom_forum
D:2:      minmay_alternating_diamond, layout_loops_ring, uniq_crazy_yiuf_cottage

Skill      XL: |  1  2  3  4 |
---------------+-------------+-----
Stealth        | 6 7 |  7.5
Dodging        | 2 |  2.1
Fighting       | 2 |  2.0
Short Blades   | |  2.9
Slings         | |  0.2
Throwing       | |  2.0
Evocations     | |  0.1

Action                   |  1- 3 |  4- 6 || total
-------------------------+-------+-------++-------
Melee: Dagger            |   110 |    28 ||   138
 Fire: Hunting sling     |     3 |       ||     3
Throw: Dart              |    15 |       ||    15
 Stab: Sleeping          |     9 |     3 ||    12
Armor: Robe              |    15 |     5 ||    20
Dodge: Dodged            |    61 |    15 ||    76
